 Dungeon Crawl Stone Soup version 0.28.0-56-g4927b6849a (webtiles) character file.

Game seed: 8000799385860819893

25 Atelerd the Digger (level 3, 0/18 HPs)
             Began as an Octopode Earth Elementalist on Jan 28, 2023.
             Succumbed to an adder's poison
             ... on level 2 of the Dungeon.
             The game lasted 00:01:06 (1445 turns).

Atelerd the Digger (Octopode Earth Elementalist)    Turns: 1445, Time: 00:01:07

Health: 0/18       AC:  2    Str:  7    XL:     3   Next: 6%
Magic:  6/6        EV: 13    Int: 19    God:
Gold:   62         SH:  0    Dex: 12    Spells: 5/6 levels left

rFire   . . .      SeeInvis .   h - +2 short sword (holy)
rCold   . . .      Faith    .   (no shield)
rNeg    . . .      Spirit   .   (helmet restricted)
rPois   .          Reflect  .   (no amulet)
rElec   .          Harm     .   (no ring)
rCorr   .          Rampage  .   (no ring)
Will    .....                   (no ring)
Stlth   +++.......              (no ring)
HPRegen 0.06/turn               (no ring)
MPRegen 0.10/turn               (no ring)
                                (no ring)
                                (no ring)

@: lethally poisoned (0 -> -9)
A: almost no armour, amphibious, 8 rings, camouflage 1, gelatinous body 1,
(nimble swimmer 1), tentacles, frail 1, passive freeze, shaggy fur 1
a: no special abilities


You were on level 2 of the Dungeon.
You visited 1 branch of the dungeon, and saw 2 of its levels.

You collected 62 gold pieces.

Inventory:

Hand Weapons
 a - a +0 whip of flaming
 h - a +2 short sword of holy wrath (weapon)
Missiles
 b - 36 stones
Jewellery
 c - an amulet of guardian spirit
Scrolls
 d - a scroll of identify {unknown}
 e - a scroll of teleportation {unknown}


   Skills:
 + Level 0.3 Maces & Flails
 - Level 2.0 Dodging
 + Level 2.8 Stealth
 + Level 2.3 Spellcasting
 + Level 1.2 Transmutations
 + Level 3.6 Earth Magic


You had 5 spell levels left.
You knew the following spells:

 Your Spells              Type           Power      Damage    Failure   Level
a - Sandblast             Erth           32%        2d9       3%          1

Your spell library contained the following spells:

 Spells                   Type           Power      Damage    Failure   Level
 Passwall                 Tmut/Erth      9%         N/A       9%          2
 Stone Arrow              Conj/Erth      18%        3d8       22%         3
 Petrify                  Tmut/Erth      11%        N/A       52%         4


Dungeon Overview and Level Annotations

Branches:
Dungeon (2/15)

Altars:


Innate Abilities, Weirdness & Mutations

You cannot wear most types of armour.
You are amphibious.
You can wear up to eight rings at the same time.
Your skin changes colour to match your surroundings (Stealth+).
Your rubbery body absorbs attacks. (AC +1, EV +1)
((You are camouflaged when in or above water. (Stealth+)))
You have tentacles for arms and can constrict up to eight enemies at once.
You are frail. (-10% HP)
A frigid envelope surrounds you and freezes all who hurt you.
You are covered in fur. (AC +1)


Message History

You puncture the rat!
You kill the rat!
A bat and an adder come into view.
A rat comes into view.
There are monsters nearby!
Found a scroll labelled TALAJYM XEPAO.
There are monsters nearby!
Found 26 stones.
The adder hisses angrily.
You closely miss the adder. Your grab misses the adder.
Your squeeze misses the adder. The bat barely misses you. The adder misses you.
The blast of sand hits the adder.
The adder is moderately wounded.
The bat misses you. The adder closely misses you. x2
You barely miss the adder. Your grab misses the adder.
Your squeeze misses the adder.
The adder is moderately wounded.
The bat closely misses you. The bat hits you. The adder closely misses you.
The blast of sand misses the adder.
The adder bites you.
You are poisoned.
The adder poisons you! The bat barely misses you.
You hit the adder. Your grab misses the adder.
The adder is severely wounded.
You feel sick. The bat hits you but does no damage. The bat hits you.
The adder bites you. x2
You are lethally poisoned!
The adder poisons you!
You are too injured to fight recklessly!
You are too injured to fight recklessly!
You are too injured to fight recklessly!
Unknown command.
It was a potion of magic.
Magic courses through your body.
* * * LOW HITPOINT WARNING * * *
You feel sick. The bat hits you but does no damage.
The rat twitches its whiskers.
The adder bites you.
* * * LOW HITPOINT WARNING * * *
It was a potion of mutation.
You feel extremely strange. Fur sprouts all over your body.
You feel frail.
Your skin feels very cold.
You die...

#....... ..(.......
#####....... .....?...#
#......#.... .........#
#......#.... .........#
##......#..>. ......b..#
#.......#.... .........#
#......##.... .......S.#
#..........## ...r...@.#
##......##.## .........#
######......
#######.######.....#.##.
#.....##.###...##.
#..##.##..........
#...#.####.#.#####
#####....#.#.#
####...#.# #####.#


You could see an adder, a bat and a rat.

Vanquished Creatures
  3 bats (D:1)
  2 endoplasms (D:1)
  A giant cockroach (D:1)
  4 goblins (D:1)
  2 hobgoblins (D:1)
  3 kobolds
  2 quokkas (D:1)
  A ball python (D:2)
  2 frilled lizards (D:1)
  3 rats
23 creatures vanquished.

Notes
Turn   | Place    | Note
-------+----------+-------------------------------------------
     0 | D:1      | Atelerd the Octopode Earth Elementalist began the quest for
                  | the Orb.
     0 | D:1      | Reached XP level 1. HP: 11/11 MP: 3/3
   109 | D:1      | Reached XP level 2. HP: 12/17 MP: 5/5
  1289 | D:1      | Found a faded altar of an unknown god.
  1391 | D:2      | Reached XP level 3. HP: 21/21 MP: 6/6
  1445 | D:2      | Gained mutation: You are covered in fur. (AC +1) [potion of
                  | mutation]
  1445 | D:2      | Gained mutation: You are frail. (-10% HP) [potion of
                  | mutation]
  1445 | D:2      | Gained mutation: A frigid envelope surrounds you and
                  | freezes all who hurt you. [potion of mutation]
  1445 | D:2      | Succumbed to an adder's poison

Illustrated notes

Levels and vault maps discovered:
D:1:      lemuel_arrival_hallway, layout_loops_ring,
          dreamdust_ecumenical_altar_hidden_monk_grotto
D:2:      layout_basic, minmay_misc_feat_pillars

Action                   || total
-------------------------++-------
Melee: Whip              ||    24
       Constrict         ||     6
       Tentacles         ||     4
       Short sword       ||     6
 Cast: Sandblast         ||    14
  Use: Potion            ||     2
 Stab: Sleeping          ||     8
Armor: Skin              ||     8
Dodge: Dodged            ||    22
